Cogmind - Beta 13 @@@ ROGUE MODE // 2024.04.03 @ 20:58:37 Player: Feral_Cog Result: Self-destructed Performance ------------- Evolutions (1) 500 Regions Visited (5) 1000 Robots Destroyed (45) 225 Value Destroyed (962) 962 Prototype IDs (3) 60 Alien Tech Used (0) 0 Bonus (0) 0 TOTAL SCORE: 2747 Bonus ------- None Cogmind --------- Core Integrity 245/400 Matter 290/300 Energy 160/160 System Corruption 0% Temperature Cool (0) Movement Treading (160) Location -8/Mines Parts ------- > --- POWER (1) -------- Light Nuclear Core > --- PROPULSION (2) --- Improved Treads Improved Treads > --- UTILITY (3) ------ Medium Storage Unit Targeting Computer Light Armor Plating > --- WEAPON (3) ------- Advanced Beam Cannon Assault Rifle Light Assault Rifle > --- INVENTORY (10) --- Light Nuclear Core Improved Treads Improved Treads Medium Matter Pod (88) Weight Redist. System Field Recycling Unit (0) Particle Gun Peak State ------------ > --- POWER ------------ Light Nuclear Core > --- PROPULSION ------- Improved Treads Improved Treads > --- UTILITY ---------- Improved Heat Sink Medium Storage Unit Targeting Computer > --- WEAPON ----------- Shock Rifle Shock Rifle Shock Rifle > --- INVENTORY -------- Light Nuclear Core Light Nuclear Core Improved Treads Improved Treads Medium Matter Pod Shock Rifle Particle Gun Assault Rifle Light Assault Rifle [Rating: 22] Favorites ----------- Power Light Nuclear Core Engine Ion Engine Power Core Light Nuclear Core Propulsion Improved Treads Treads Improved Treads Leg Aluminum Leg Utility Targeting Computer Device Improved Heat Sink Storage Medium Storage Unit Processor Targeting Computer Protection Light Armor Plating Weapon Shock Rifle Energy Gun Shock Rifle Energy Cannon Advanced Beam Cannon Ballistic Gun Assault Rifle Launcher Rocket Launcher Impact Weapon Hammer Build | -11 -10 -9 -9 -9 -8 ------- Run | Yrd Mat Mat Min Exi Min Slots Evolved 2 | . . 2 . . . Power . | . . . . . . Propulsion . | . . . . . . Utility 1 | . . 1 . . . Weapon 1 | . . 1 . . . Parts Attached 47 | 6 20 13 4 . 4 Power 6 | 1 3 2 . . . Engine 3 | 1 2 . . . . Core 3 | . 1 2 . . . Reactor . | . . . . . . Propulsion 11 | 2 8 . 1 . . Treads 6 | 2 3 . 1 . . Leg 5 | . 5 . . . . Wheel . | . . . . . . Hover . | . . . . . . Flight . | . . . . . . Utility 9 | 1 3 3 1 . 1 Device 2 | . 1 1 . . . Storage 4 | 1 1 1 1 . . Processor 1 | . 1 . . . . Hackware . | . . . . . . Protection 2 | . . 1 . . 1 Artifact . | . . . . . . Weapon 21 | 2 6 8 2 . 3 Energy Gun 7 | . . 6 1 . . Energy Cannon 1 | . . . . . 1 Ballistic Gun 10 | 2 4 2 . . 2 Ballistic Cannon . | . . . . . . Launcher 1 | . . . 1 . . Special Weapon . | . . . . . . Impact Weapon 2 | . 2 . . . . Slashing Weapon . | . . . . . . Piercing Weapon . | . . . . . . Special Melee Weapon . | . . . . . . Unidentified Prototypes 1 | . . . . . 1 Parts Lost 10 | . 4 3 . . 3 Power 3 | . 2 1 . . . Propulsion 1 | . 1 . . . . Utility 1 | . . 1 . . . Weapon 5 | . 1 1 . . 3 Highest Loss Streak 3 | . 2 3 . . 3 To Critical Strikes . | . . . . . . Average Slot Usage (%) 95 | . 93 97 94 100 96 Engine 4 | . 9 1 . . . Core 7 | . 4 9 11 11 11 Treads 20 | . 18 22 22 22 22 Leg 3 | . 7 . . . . Device 2 | . 3 4 . . . Storage 15 | . 14 12 17 22 21 Processor 9 | . 6 11 11 11 11 Protection 1 | . . 4 . . . Energy Gun 11 | . . 27 22 22 2 Ballistic Gun 14 | . 24 4 4 . 17 Launcher 2 | . . . 6 11 2 Impact Weapon 1 | . 2 . . . . Naked Turns . | . . . . . . Heaviest Build 27 | 13 18 27 27 27 27 Greatest Support 46 | 40 46 46 46 46 46 Greatest Overweight (x) 4 | . 4 . . . . Average Overweight (x) . | . . . . . . Largest Inventory Capacity 10 | 8 10 10 10 10 10 Average Capacity 9 | 7 8 10 10 10 10 Most Carried 10 | 3 9 10 10 9 9 Average Carried 6 | . 4 8 8 9 6 Final Capacity 10 | 8 10 10 10 10 10 Final Carried 9 | 1 7 8 9 9 7 Class Distribution -------------------- 51% | Gunner 38% | Mutant 9% | Scavenger-Mutant Dominant Class ---------------- Mutant | -10/Materials Gunner | -9/Materials Gunner | -9/Mines Gunner | -9/Exiles Gunner | -8/Mines Resources | -11 -10 -9 -9 -9 -8 ----------- Run | Yrd Mat Mat Min Exi Min Matter Collected 1177 | 241 501 271 24 . 140 Remotely . | . . . . . . Salvage Created 1486 | . 538 692 . . 256 Parts 105 | . 43 52 . . 10 Haulers Intercepted 3 | . 2 1 . . . Recyclers Shooed 1 | . 1 . . . . Parts Field Recycled . | . . . . . . Retrieved Matter . | . . . . . . Parts Self-Destructed . | . . . . . . Prevented . | . . . . . . Kills | -11 -10 -9 -9 -9 -8 ------- Run | Yrd Mat Mat Min Exi Min Combat Hostiles Destroyed 28 | . 9 15 . . 4 Melee 1 | . 1 . . . . Guns 26 | . 8 15 . . 3 Cannons 1 | . . . . . 1 Classes Destroyed 12 | . 8 2 . . 2 Worker 1 | . 1 . . . . Builder 2 | . 1 1 . . . Hauler 3 | . 2 1 . . . Recycler 2 | . . 1 . . 1 Mechanic 1 | . 1 . . . . Operator 3 | . 2 1 . . . Watcher 5 | . 2 3 . . . Swarmer 11 | . 2 9 . . . Grunt 13 | . 7 4 . . 2 Brawler 1 | . . . . . 1 Sentry 2 | . . 2 . . . Hunter 1 | . . . . . 1 Best Kill Streak 13 | . 4 13 . . 2 Combat Bots Only 3 | . 3 3 . . 2 Max Kills in Single Turn 2 | . 2 2 . . 1 Gunslinging 1 | . . 1 . . . Exploded . | . . . . . . Melee 1 | . 1 . . . . Uniques/NPCs Destroyed . | . . . . . . Combat | -11 -10 -9 -9 -9 -8 -------- Run | Yrd Mat Mat Min Exi Min Hostile Shots Fired 242 | . 119 87 . . 36 Missed 66 | . 32 26 . . 8 Damage Taken 2016 | . 988 579 . . 449 Core 289 | . 134 34 . . 121 Absorbed by Shields . | . . . . . . Regen/Repaired (Parts) 124 | . 124 . . . . Core Remaining (%) 73 | 100 46 . . . . Volleys Fired 141 | . 81 40 . . 20 Largest 3 | . 2 3 . . 3 Hottest 150 | . 40 150 . . 108 Shots Fired 292 | . 144 104 . . 44 Gun 277 | . 144 104 . . 29 Cannon 10 | . . . . . 10 Launcher 5 | . . . . . 5 Special . | . . . . . . Kinetic 185 | . 144 15 . . 26 Thermal 11 | . . 1 . . 10 Explosive 5 | . . . . . 5 Electromagnetic 91 | . . 88 . . 3 Robot Hit Streak 10 | . 10 8 . . 8 Robot Miss Streak 6 | . 6 6 . . 3 Penetration Max . | . . . . . . Secondary Targets 5 | . . 5 . . . Max Gunslinging Chain 1 | . . 1 . . . Shots Hit Robots 161 | . 91 43 . . 27 Core Hits 74 | . 35 26 . . 13 Critical Kills . | . . . . . . Critical Parts Destroyed 1 | . 1 . . . . Critical Strikes 2 | . 1 1 . . . Destroy 1 | . 1 . . . . Corrupt 1 | . . 1 . . . Melee Attacks 13 | . 13 . . . . Impact 13 | . 13 . . . . Slashing . | . . . . . . Piercing . | . . . . . . Sneak Attacks 1 | . 1 . . . . Combat Hostiles . | . . . . . . Follow-up Attacks . | . . . . . . Damage Inflicted 2710 | . 1257 977 . . 476 Guns 2039 | . 982 867 . . 190 Cannons 121 | . . . . . 121 Explosions 272 | . . 107 . . 165 Melee 275 | . 275 . . . . Ramming 3 | . . 3 . . . Kinetic 1239 | . 982 87 . . 170 Thermal 243 | . . 122 . . 121 Explosive 165 | . . . . . 165 Electromagnetic 785 | . . 765 . . 20 Impact 275 | . 275 . . . . Slashing . | . . . . . . Piercing . | . . . . . . Highest Corruption . | . . . . . . Average Corruption . | . . . . . . Corruption Purged . | . . . . . . Corruption Blocked . | . . . . . . Overload Shots . | . . . . . . Overflow Damage 7 | . . . . . 7 Projectiles 7 | . . . . . 7 Explosions . | . . . . . . Melee . | . . . . . . Knockbacks 1 | . 1 . . . . Impact 1 | . 1 . . . . Kinetic . | . . . . . . Secondary . | . . . . . . Self-Inflicted Damage 41 | . . . . . 41 Shots 1 | . . . . . 1 Rammed 3 | . . 3 . . . Targets Rammed 3 | . . 3 . . . Kicked . | . . . . . . Crushed . | . . . . . . Highest Temperature 384 | . 41 384 . . 306 Average Temperature 116 | . 11 135 . . 100 Received Heat Transfer 660 | . 495 66 . . 99 Effects 1 | . . 1 . . . Energy Bleed 1 | . . 1 . . . Siege Activations . | . . . . . . Robots Corrupted . | . . . . . . Combat Hostiles . | . . . . . . Parts Fried 2 | . . 2 . . . Impact Corruptions 1 | . 1 . . . . Robots Melted . | . . . . . . Combat Hostiles . | . . . . . . Parts Melted 1 | . . 1 . . . Heat Transferred 459 | . . 237 . . 222 Parts Sabotaged . | . . . . . . Parts Stolen . | . . . . . . Parts Stripped . | . . . . . . Power Chain Reactions 3 | . . 3 . . . Alert | -11 -10 -9 -9 -9 -8 ------- Run | Yrd Mat Mat Min Exi Min Peak Influence 383 | . 196 383 148 . 129 Initial 148 | . . 25 148 . . Average 97 | . 75 143 148 . 70 Maximum Alert Level 1 | . . 1 . . . Low Security (%) 91 | 100 100 68 100 . 100 Level 1 8 | . . 31 . . . Level 2 . | . . . . . . Level 3 . | . . . . . . Level 4 . | . . . . . . Level 5 . | . . . . . . High Security . | . . . . . . Max Security . | . . . . . . Squads Dispatched 3 | . 3 . . . . Investigation 1 | . 1 . . . . Extermination . | . . . . . . Reinforcement 2 | . 2 . . . . Assault . | . . . . . . Garrison . | . . . . . . Intercept . | . . . . . . Searches Triggered . | . . . . . . Construction Impeded . | . . . . . . Haulers Reinforced . | . . . . . . Active Scanning Responses . | . . . . . . Cargo Convoy Interrupts . | . . . . . . Stealth | -11 -10 -9 -9 -9 -8 --------- Run | Yrd Mat Mat Min Exi Min Distress Signals 1 | . . 1 . . . Communications Jammed . | . . . . . . Distress Signals . | . . . . . . Times Spotted 51 | . 26 21 . . 4 Peak Tracking Total 5 | . 5 5 . . 3 Tactical Retreats 3 | . 3 . . . . Traps | -11 -10 -9 -9 -9 -8 ------- Run | Yrd Mat Mat Min Exi Min Traps Triggered 1 | . 1 . . . . Indirectly . | . . . . . . Trap Hack Attempts . | . . . . . . Triggered . | . . . . . . Disarmed . | . . . . . . Reprogrammed . | . . . . . . Reused . | . . . . . . Traps Extracted . | . . . . . . Installed . | . . . . . . Triggered . | . . . . . . Machines | -11 -10 -9 -9 -9 -8 ---------- Run | Yrd Mat Mat Min Exi Min Machines Disabled 2 | . . . . . 2 Max in Single Turn 1 | . . . . . 1 Machines Repaired . | . . . . . . Machines Dismantled . | . . . . . . Machines Sabotaged . | . . . . . . Overloaded Fab Kills . | . . . . . . Hacking | -11 -10 -9 -9 -9 -8 --------- Run | Yrd Mat Mat Min Exi Min Machines Accessed 5 | . 3 1 . 1 . Terminals 3 | . 2 1 . . . Fabricators . | . . . . . . Repair Stations 1 | . 1 . . . . Recycling Units . | . . . . . . Scanalyzers . | . . . . . . Garrison Access . | . . . . . . Total Hacks 32 | . 8 1 . 23 . Successful 32 | . 8 1 . 23 . Failed . | . . . . . . Catastrophic . | . . . . . . Database Lockouts . | . . . . . . Manual . | . . . . . . Terminals 5 | . 4 1 . . . Fabricators . | . . . . . . Repair Stations 4 | . 4 . . . . Recycling Units . | . . . . . . Scanalyzers . | . . . . . . Garrison Access . | . . . . . . Terminal Hacks 28 | . 4 1 . 23 . Record 24 | . 1 . . 23 . Robot Analysis 1 | . 1 . . . . Prototype ID Bank 1 | . 1 . . . . Locate Traps 1 | . 1 . . . . Zone Layout 1 | . . 1 . . . Fabricator Hacks . | . . . . . . Repair Station Hacks 4 | . 4 . . . . Scan Component 2 | . 2 . . . . Repair 2 | . 2 . . . . Recycling Unit Hacks . | . . . . . . Scanalyzer . | . . . . . . Garrison Access Hacks . | . . . . . . Unauthorized Hacks . | . . . . . . Terminals . | . . . . . . Fabricators . | . . . . . . Repair Stations . | . . . . . . Recycling Units . | . . . . . . Scanalyzers . | . . . . . . Garrison Access . | . . . . . . Data Cores Recovered 1 | . . 1 . . . Used . | . . . . . . Hacking Detections 2 | . 2 . . . . Full Trace Events . | . . . . . . Feedback Events . | . . . . . . Feedback Blocked . | . . . . . . Robot Schematics Acquired . | . . . . . . Robots Built . | . . . . . . Authchips . | . . . . . . Time . | . . . . . . Total Robot Build Rating . | . . . . . . Part Schematics Acquired . | . . . . . . Parts Built . | . . . . . . Authchips . | . . . . . . Time . | . . . . . . Total Part Build Rating . | . . . . . . Parts Repaired 2 | . 2 . . . . Time 58 | . 58 . . . . Parts Recycled . | . . . . . . Recycled Matter . | . . . . . . Retrieved Matter . | . . . . . . Retrieved Components . | . . . . . . Parts Scanalyzed . | . . . . . . Part Schematics Acquired . | . . . . . . Parts Damaged . | . . . . . . Bothacking | -11 -10 -9 -9 -9 -8 ------------ Run | Yrd Mat Mat Min Exi Min Used RIF Installer . | . . . . . . Robots Hacked . | . . . . . . Non-combat . | . . . . . . Combat . | . . . . . . Robot Hacks Applied . | . . . . . . Relay Couplers Released . | . . . . . . Fabnet Peak Effective % . | . . . . . . Robots Rewired . | . . . . . . Allies Hacked . | . . . . . . Hacks Repelled . | . . . . . . Allies | -11 -10 -9 -9 -9 -8 -------- Run | Yrd Mat Mat Min Exi Min Total Allies . | . . . . . . Largest Group . | . . . . . . Highest-Rated Group . | . . . . . . Highest-Rated Ally . | . . . . . . Total Orders . | . . . . . . Ally Attacks . | . . . . . . Total Damage . | . . . . . . Kills . | . . . . . . Allies Corrupted . | . . . . . . Allies Melted . | . . . . . . Intel | -11 -10 -9 -9 -9 -8 ------- Run | Yrd Mat Mat Min Exi Min Robot Analysis Total 1 | . 1 . . . . Derelict Logs Recovered 1 | . . . 1 . . Drone Launches . | . . . . . . Drone Recoveries . | . . . . . . Exploration | -11 -10 -9 -9 -9 -8 ------------- Run | Yrd Mat Mat Min Exi Min Turns Passed 2556 | 108 1081 589 263 309 206 Spaces Moved 1233 | 63 482 250 159 194 85 Core 8 | 6 2 . . . . Treads 1050 | 57 305 250 159 194 85 Legs 175 | . 175 . . . . Wheels . | . . . . . . Hover . | . . . . . . Flight . | . . . . . . Fastest Speed 50 | 50 120 160 160 160 160 Average Speed 153 | 149 145 160 160 160 160 Slowest Speed 250 | 160 250 160 160 160 160 Overloaded Moves . | . . . . . . Propulsion Burnouts . | . . . . . . Robots Hopped . | . . . . . . Cave-ins Triggered . | . . . . . . Exploration Rate (%) 39 | 5 66 24 53 57 29 Regions Visited 5 Branch Regions 3 Pre-discovered Areas 2 | . . . 1 1 . Known Exits Taken . | . . . . . . Unknown Exits Taken 5 | 1 1 1 1 1 . Scrap Searched 1 | . . . 1 . . Spaces Dug 1 | . 1 . . . . Terrain Destroyed 43 | . 1 9 . . 33 Melee 1 | . 1 . . . . Projectile . | . . . . . . AOE 42 | . . 9 . . 33 Terrain Rammed . | . . . . . . Walls Destroyed . | . . . . . . Machines Disabled . | . . . . . . Actions | -11 -10 -9 -9 -9 -8 --------- Run | Yrd Mat Mat Min Exi Min Total 1625 | 77 706 359 168 193 122 Wait 127 | 2 78 34 2 . 11 Move 1228 | 62 481 249 158 193 85 Hop . | . . . . . . Pick Up 42 | 7 21 10 3 . 1 Fast Attach . | . . . . . . Attach 34 | 6 13 8 3 . 4 Detach 10 | . 4 4 1 . 1 Swap 13 | . 7 5 1 . . Drop 14 | . 8 6 . . . Fire 141 | . 81 40 . . 20 Melee 13 | . 13 . . . . Ram . | . . . . . . Kick . | . . . . . . Crush 3 | . . 3 . . . Escape Stasis . | . . . . . . Rewire . | . . . . . . Trap . | . . . . . . Miscellaneous . | . . . . . . Route ------- -11/Scrapyard -10/Materials -9/Materials (discovered 2 exits: [*Min x2]) -9/Mines (discovered 3 exits: [*Mat x2] / *Exi) -9/Exiles (discovered 2 exits: [*Min x2]) -8/Mines History --------- Turn | Location | Event 32 | -11/Scrapyard | Discovered new exit (range 16) 109 | -11/Scrapyard | Entered Materials 307 | -10/Materials | Build established: Mutant 580 | -10/Materials | Core integrity fell below 50% 1019 | -10/Materials | Discovered new exit (range 15) 1142 | -10/Materials | Repaired Assault Rifle 1176 | -10/Materials | Repaired Imp. Treads 1190 | -10/Materials | Entered another Materials area 1190 | -9/Materials | Evolved 2 slots: Utility x1, Weapon x1 1343 | -9/Materials | Discovered new exit (range 12) 1497 | -9/Materials | Build established: Gunner 1752 | -9/Materials | Discovered new exit (range 8) 1779 | -9/Materials | Entered Mines 1785 | -9/Mines | Lost 3 parts (1p1u1w) 1824 | -9/Mines | Discovered new exit (range 11) 1885 | -9/Mines | Received a Rocket Launcher from a helpful Derelict 1945 | -9/Mines | Discovered new exit (range 16) 1974 | -9/Mines | Learned location of Storage (-8) 2036 | -9/Mines | Deemed a non-threat by the Exiles lab entrance 2036 | -9/Mines | Discovered new exit (range 5) 2042 | -9/Mines | Entered Exiles 2073 | -9/Exiles | Discovered new exit (range 14) 2111 | -9/Exiles | Met 8R-AWN 2145 | -9/Exiles | Met EX-HEX 2225 | -9/Exiles | Met EX-DEC 2276 | -9/Exiles | Learned location of Zion (-7) 2332 | -9/Exiles | Discovered new exit (range 14) 2351 | -9/Exiles | Entered Mines 2426 | -8/Mines | Lost 3 parts (3w) 2557 | -8/Mines | Self-destructed Last Messages --------------- The unstable cave ceiling collapses. R-06 Scavenger collects Corrupted Carbon-fiber Leg. Identified Adv. Beam Cannon. K-01 Serf collects debris. The unstable cave ceiling collapses. K-01 Serf collects debris. Critical hit (Burn: +37). G-47 Trooper destroyed. B-36 Bruiser destroyed. K-01 Serf collects debris. G-47 Trooper destroyed. K-01 Serf collects debris. Acquired 56 matter. K-01 Serf collects debris. Acquired 50 matter. K-01 Serf collects debris. Destroyed Tractor Beam. R-06 Scavenger destroyed. K-01 Serf collects debris. Acquired Lgt. Armor Plating. Map ----- +----------------------------------------------------+ | | | | | ?????????????????????????????????????????????? | | ?????????????????????????????????????????????? | | ?????????????????????????????????????????????? | | ?????????????????????????????????????????????? | | ?????????????????????????????????????????????? | | ?????????????????????????????????????????????? | | ?????????????????????????????????????????????? | | ?????????????????????????????????????????????? | | ?????????????????????????????????????????????? | | ?????????????????????????????????????????????? | | ?????????????????????????????????????????????? | | ?????????????????????????????????????????????? | | ?????????????????????????????????????????????? | | ?????????????????????????????????????????????? | | ?????????????????????????????????????????????? | | ?????????????????????????????????????????????? | | ??????????????????###????????????????????????? | | ??????????????????# ????????????????####????? | | ??????????????????# ???????????????## ###??? | | ????????????????### ???????????????# ##?? | | ???????????????## ##?????????????# ##? | | ???????????????# ###???????????? #? | | ???????????????# #####????????# #? | | ???????????????# @ [ #####????# #? | | ???????????????## # /% ##??## ## | | ????????????????#### ##*= % #??# | | ???????????????????# ### % #### | | ???????????????????# #?## [ = | | ??????????????????? #??#### * | | ??????????????????#####?????## ### ## | | ?????????????????????????????#####?# ## | | ???????????????????????????????????# ### | | ???????????????????????????????????# #?### | | ???????????????????????????????????# #???## | | ???????????????????????????????????# ????## | | ???????????????????????????????????# ?????## | | ???????????????????????????????????# ##### | | ???????????????????????????????????# | | ???????????????????????????????????# | | ???????????????????????????????????# #### | | ???????????????????????????????????# ?????# | | ????????????????????????????????????##?????## | | ????????????????????????????????????????????## | | ?????????????????????????????????????????????# | | ?????????????????????????????????????????????# | | ?????????????????????????????????????????????# | | ?????????????????????????????????????????????# | | ?????????????????????????????????????????????# | +----------------------------------------------------+ Best States ------------- Heat Dissipation 42 Energy Generation 14 Energy Capacity 250 Matter Stores 400 Matter Capacity 400 Sight Range 16 Terrain Scan Density 10 Armor Coverage 150 Evasion (%) 55 Targeting Accuracy 5 Recoil Reduction 2 Item Schematics ----------------- None Robot Schematics ------------------ None Fabricated ------------ Nothing Alien Tech Used ----------------- None Achievements -------------- Librarian Challenges ------------ None Game ------ Seed LongswordTachyonCompactor Manual? 0 Play Time 00:50:50 Cumulative 6.3 hours Start 2024.04.03 @ 03:42:57 End 2024.04.03 @ 20:58:37 Sessions 4 Manual Loads 0 Difficulty Rogue Special Mode None Game No. 6 Rogue 6 Adventurer 0 Explorer 0 Win Type - Total 0 Types 0/0/0/0/0/0/0/0/0 Lore% 6 Gallery% 8 Achievement% 8 Wizard Run 0 Options --------- Layout 1 ASCII 0 Keyboard 0 Movement Mouse Keybinds 0 Fullscreen 1 Font 28/TerminusBold Map View 60x50 Zoom Use 98% Tactical HUD 0 Map Filters NONE Filters NONE Steam 1 RUN: 61f63276-a2ab-42d1-a239-afb0364c9e2f